 Dungeon Crawl Stone Soup version 0.29.0-13-gc9e81de378 (webtiles) character file.

Game seed: 8641368930495290741

60 Descartes the Cudgeller (level 4, -1/35 HPs)
             Began as a Formicid Wanderer on Sept 9, 2022.
             Slain by a kobold
             ... wielding a +0 whip
              (5 damage)
             ... on level 2 of the Dungeon.
             The game lasted 00:03:24 (1206 turns).

Descartes the Cudgeller (Formicid Wanderer)         Turns: 1206, Time: 00:03:25

Health: -1/35      AC:  4    Str: 20    XL:     4   Next: 25%
Magic:  5/5        EV: 11    Int: 11    God:
Gold:   75         SH:  4    Dex: 12    Spells: 4/5 levels left

rFire   . . .      SeeInvis +   a - +3 mace
rCold   . . .      Faith    .   g - +0 buckler
rNeg    . . .      Spirit   .   c - +0 leather armour
rPois   .          Reflect  .   (helmet unavailable)
rElec   .          Harm     .   j - +0 cloak
rCorr   .          Rampage  .   (no gloves)
Will    .....                   (no boots)
Stlth   +.........              (no amulet)
HPRegen 0.11/turn               (no ring)
MPRegen 0.09/turn               (no ring)

@: no status effects
A: permanent stasis, dig shafts and tunnels, antennae 3, four strong arms
a: Dig, Shaft Self


You were on level 2 of the Dungeon.
You visited 1 branch of the dungeon, and saw 2 of its levels.

You collected 75 gold pieces.

Inventory:

Hand Weapons
 a - a +3 mace (weapon)
Armour
 c - a +0 leather armour (worn)
 g - a +0 buckler (worn)
 j - a +0 cloak (worn)
Scrolls
 b - a scroll of butterflies
 d - a scroll of teleportation {unknown}
 e - a scroll of poison {unknown}
 f - 3 scrolls of identify {unknown}
 h - a scroll of noise {unknown}
 i - a scroll of blinking {unknown}
 k - a scroll of fear {unknown}


   Skills:
 - Level 3.2 Fighting
 + Level 3.4 Maces & Flails
 + Level 1.4 Armour
 - Level 1.0 Dodging
 + Level 1.7 Shields
 - Level 1.1 Spellcasting
 + Level 1.7 Translocations
 + Level 2.0 Evocations


You had 4 spell levels left.
You knew the following spells:

 Your Spells              Type           Power      Damage    Failure   Level
a - Apportation           Tloc           8%         N/A       24%         1

Your spell library contained the following spells:

 Spells                   Type           Power      Damage    Failure   Level
 Gell's Gravitas          Tloc           4%         N/A       56%         3


Dungeon Overview and Level Annotations

Branches:
Dungeon (2/15)

Altars:


Innate Abilities, Weirdness & Mutations

You cannot be hasted, slowed, berserked, paralysed or teleported.
You can dig through walls and to a lower floor.
You have a pair of large antennae on your head. (SInv)
Your four strong arms can wield two-handed weapons with a shield.


Message History

The gnoll hits you from afar with a +0 spear.
The ball python misses you. The ball python grabs you.
The ball python constricts you.
You are too injured to fight recklessly!
You are too injured to fight recklessly!
You are too injured to fight recklessly!
You are too injured to fight recklessly!
You are too injured to fight recklessly!
You are too injured to fight recklessly!
You are too injured to fight recklessly!
You are too injured to fight recklessly!
You escape the ball python's grasp.
The kobold attacks as you move away!
The kobold hits you with a +0 short sword.
The kobold closely misses you.
Unknown command.
The kobold throws a stone.
The stone closely misses you.
You completely miss the kobold. The kobold hits you with a +0 whip.
* * * LOW HITPOINT WARNING * * *
You hit the kobold but do no damage. You block the kobold's attack. x2
The kobold attacks as you move away! The kobold misses you.
The kobold attacks as you move away! You block the kobold's attack.
The kobold attacks as you move away! The kobold closely misses you.
The kobold attacks as you move away! The kobold hits you with a +0 whip.
* * * LOW HITPOINT WARNING * * *
The kobold attacks as you move away! The kobold barely misses you.
The kobold attacks as you move away! The kobold hits you but does no damage.
The kobold attacks as you move away! The kobold barely misses you.
The kobold attacks as you move away! The kobold misses you.
The kobold attacks as you move away! The kobold closely misses you.
The kobold attacks as you move away! The kobold barely misses you.
The kobold attacks as you move away! The kobold hits you with a +0 whip.
* * * LOW HITPOINT WARNING * * *
The kobold attacks as you move away! The kobold hits you with a +0 whip.
* * * LOW HITPOINT WARNING * * *
You see here a +0 scale mail.
The kobold attacks as you move away! The kobold hits you with a +0 whip.
* * * LOW HITPOINT WARNING * * *
An adder comes into view.
The kobold attacks as you move away! The kobold hits you with a +0 whip.
You die...

.........#.# {{.....#.#.# .S
.#######g#.## #.# .
...g.{{{....# #.#### .#
########{#..# #....##.###
#.#{.# ##.........
#...g####........#
#....K...........#
##.#.#S.K@...÷...#
#.#.#.....÷<..#.#
#.#.#.......÷...#.#
#.#.#.........#.#.#.
#########.#.#...............
..........#.#..............
######......###..##........
#.###### #.....###.#.# #.#
#...### #.#.#


You could see a gnoll, an adder (asleep), a ball python and 2 kobolds.

Vanquished Creatures
  An adder (D:2)
  A gnoll (D:2)
  3 dart slugs
  A ball python (D:1)
  4 bats
  3 endoplasms
  2 giant cockroaches (D:1)
  4 goblins
  4 jackals (D:2)
  4 kobolds
  A quokka (D:2)
  3 frilled lizards
  A rat (D:2)
32 creatures vanquished.

Notes
Turn   | Place    | Note
-------+----------+-------------------------------------------
     0 | D:1      | Descartes the Formicid Wanderer began the quest for the
                  | Orb.
     0 | D:1      | Descartes set off with the following items: a +3 mace, a
                  | scroll of butterflies, a +0 leather armour; and the
                  | following spell memorised: Apportation; and the following
                  | spells available to memorise: Gell's Gravitas.
     0 | D:1      | Reached XP level 1. HP: 18/18 MP: 2/2
   143 | D:1      | Reached XP level 2. HP: 19/24 MP: 3/3
   198 | D:1      | Reached skill level 1 in Shields
   522 | D:1      | Reached XP level 3. HP: 29/29 MP: 4/4
   605 | D:1      | Reached skill level 1 in Armour
  1048 | D:2      | Reached XP level 4. HP: 35/35 MP: 5/5
  1206 | D:2      | Slain by a kobold

Illustrated notes

Levels and vault maps discovered:
D:1:      psy_arrival_whirlpool, layout_rooms, minmay_tiny_reverse_x
D:2:      layout_loops_ring, ebering_ecumenical_altar_ruins

Skill      XL: |  1  2  3 |
---------------+----------+-----
Shields        | 1 |  1.7
Armour         | 1 |  1.4
Evocations     | 2 |  2.0
Fighting       | |  3.2
Maces & Flails | |  3.4
Dodging        | |  1.0
Spellcasting   | |  1.1
Translocations | |  1.7

Action                   |  1- 3 |  4- 6 || total
-------------------------+-------+-------++-------
Melee: Mace              |    65 |    10 ||    75
Armor: Leather armour    |    25 |     3 ||    28
Dodge: Dodged            |    39 |    24 ||    63
Block: Buckler           |    10 |     7 ||    17
